Map: [ESL] Inside and Out

Players

Scarlett - Winner!

  • Race: Zerg Zerg
  • Spawn Location: 7:00

Harstem

  • Race: Protoss Protoss
  • Spawn Location: 1:00

Event: DreamHack SC2 Masters 2022 Valencia

VOD

Have the link to the VOD?

Description

Time

  • Played on: July 2, 2022, 6:46 a.m.
  • Length: 5:10

All games in this series

Show
View Real Time Build Order
Export as new Build Order

Scarlett Zerg - Winner!

Build Orders: Hatch First 

Get SALT Encoding   

  12  0:00  Drone  
  13  0:12  Overlord  
  13  0:16  Drone  
  14  0:30  Drone x2  
  16  0:46  Hatchery  
  15  0:50  Drone  
  15  0:54  Drone  
  17  0:57  Drone  
  18  1:08  Extractor  
  17  1:12  Spawning Pool  
  17  1:15  Drone  
  17  1:18  Drone  
  18  1:27  Drone  
  19  1:39  Drone  
  20  1:49  Drone  
  20  1:51  Hatchery  
  20  1:59  Queen  
  23  2:01  Zergling x2  
  23  2:04  Drone  
  24  2:09  Drone  
  24  2:13  Metabolic Boost  
  25  2:23  Roach Warren  
  25  2:25  Drone  
  25  2:31  Overlord  
  25  2:42  Zergling x6  
  27  3:03  Roach x3  
  27  3:04  Roach x2  
  37  3:08  Overlord  
  37  3:09  Roach  
  39  3:13  Zergling x2  
  39  3:17  Zergling x4  
  42  3:31  Overlord  
  42  3:32  Zergling x6  
  45  3:37  Zergling x4  
  46  3:42  Zergling x4  
  46  3:48  Zergling x4  
  50  3:56  Zergling x2  
  50  3:57  Zergling x6  
  50  4:00  Zergling x2  
  54  4:08  Zergling x6  
  57  4:14  Zergling x4  
  53  4:21  Zergling x4  
  49  4:29  Zergling x8  
  51  4:33  Drone  
  45  4:57  Drone  
  46  5:02  Spore Crawler  
Show
View Real Time Build Order
Export as new Build Order

Harstem Protoss 

Build Orders: 1 Gate Expand, Oracle Opening 

Get SALT Encoding   

  12  0:00  Probe  
  13  0:12  Probe  
  14  0:18  Pylon  
  14  0:24  Probe (Chrono Boost)  
  15  0:28  Assimilator  
  15  0:36  Probe (Chrono Boost)  
  16  0:45  Probe (Chrono Boost)  
  16  0:47  Gateway  
  17  0:51  Probe  
  18  1:03  Probe  
  19  1:15  Probe  
  20  1:24  Nexus  
  20  1:36  Cybernetics Core  
  20  1:37  Probe  
  21  1:43  Assimilator  
  21  1:49  Probe  
  21  1:52  Pylon  
  23  2:01  Probe  
  23  2:04  Adept  
  23  2:13  Probe (Chrono Boost)  
  23  2:14  Stargate  
  27  2:24  Probe (Chrono Boost)  
  27  2:25  Warp Gate  
  27  2:28  Probe (Chrono Boost)  
  27  2:33  Stalker  
  30  2:37  Probe (Chrono Boost)  
  32  2:45  Probe (Chrono Boost)  
  32  2:48  Probe (Chrono Boost)  
  33  2:53  Probe x2 (Chrono Boost)  
  33  2:57  Oracle (Chrono Boost)  
  38  3:03  Probe  
  38  3:04  Probe  
  40  3:10  Pylon  
  40  3:15  Probe  
  40  3:16  Probe, Gateway  
  42  3:25  Oracle (Chrono Boost)  
  42  3:28  Probe x2  
  47  3:42  Nexus  
  47  3:45  Probe  
  48  3:49  Probe  
  48  3:52  Pylon  
  51  4:04  Void Ray (Chrono Boost)  
  42  4:18  Probe x2, Shield Battery  
  40  4:30  Probe  
  37  4:31  Probe  
  37  4:36  Pylon  
  32  4:42  Probe  
  32  4:44  Probe  
  33  4:54  Probe  
  37  5:07  Pylon  

Tags
 
Add a new tag
Caveats
  • Supply blocks, unpowered buildings, or Contaminate may cause inaccurate times.
  • Supply counts are checked every 10 seconds.